 Dungeon Crawl Stone Soup version 0.26-a0-712-ga5a9c9c9d0 (webtiles) character file.

Game seed: 12210989594275048957

2830 FrothyCoffee the Transmogrifier (level 9, 0/75 HPs)
             Began as a Naga Transmuter on Nov 10, 2020.
             Was a Priest of the Shining One.
             Slain by a red ugly thing (3 damage)
             ... on level 8 of the Dungeon.
             The game lasted 00:42:09 (13387 turns).

FrothyCoffee the Transmogrifier (Naga Transmuter)  Turns: 13387, Time: 00:42:10

Health: 0/75       AC:  8    Str: 12    XL:     9   Next: 73%
Magic:  5/14       EV: 10    Int: 18    God:    the Shining One [***...]
Gold:   421        SH:  6    Dex: 11    Spells: 4/14 levels left

rFire    . . .     SeeInvis +     - Unarmed
rCold    + . .     Faith    .   (shield currently unavailable)
rNeg     + . .     Spirit   .   a - +0 robe
rPois    +         Reflect  .   u - +2 helmet {SInv}
rElec    .         Harm     .   t - +0 cloak
rCorr    .         Rampage  .   (gloves currently unavailable)
MR       +....                  (no barding)
Stlth    +.........             I - amulet of regeneration
HPRegen  0.62/turn              (no ring)
MPRegen  0.14/turn              n - ring of protection from cold

@: divine shield, blade hands, wereblooded, glowing, very slow
A: large, see invisible, deformed body, poison resistance, slowness 2, spit
poison 1, AC +3
a: Spit Poison, End Transformation, Divine Shield, Renounce Religion


You were on level 8 of the Dungeon.
You worshipped the Shining One.
The Shining One was most pleased with you.
You had blades for hands.
You visited 2 branches of the dungeon, and saw 9 of its levels.
You also visited: Sewer and Ossuary.

You collected 421 gold pieces.

Inventory:

Missiles
 E - a throwing net (quivered)
Armour
 a - a +0 robe (worn)
 t - a +0 cloak (worn)
 u - a +2 helmet of see invisible (worn)
 w - a +0 kite shield
 x - the +2 helmet "Bili" {rF- Dex+7}
   (You took it off Robin on level 3 of the Dungeon)

   It affects your dexterity (+7).
   It makes you vulnerable to fire.
Jewellery
 c - an uncursed ring of flight
 n - a ring of protection from cold (right scythe-like blade)
 y - an uncursed amulet of the acrobat
 I - an amulet of regeneration (around neck)
Wands
 z - a wand of flame (24)
 A - a wand of polymorph (2)
Scrolls
 d - 5 scrolls of teleportation
 e - 6 scrolls of remove curse
 f - 2 scrolls of amnesia
 j - 5 scrolls of fear
 m - 2 scrolls of enchant weapon
 o - 2 scrolls of magic mapping
 s - 3 scrolls of fog
 B - 2 scrolls of enchant armour
 G - a scroll of torment {unknown}
 K - a scroll of immolation
 L - a scroll of vulnerability {unknown}
Potions
 b - a potion of heal wounds
 g - 3 potions of flight
 h - 4 potions of magic
 i - a potion of stabbing
 k - 2 potions of brilliance
 l - a potion of berserk rage
 p - a potion of might
 C - 5 potions of curing
 J - 2 potions of lignification


   Skills:
 + Level 3.1 Fighting
 - Level 1.5 Dodging
 * Level 5.3 Unarmed Combat
 + Level 3.4 Spellcasting
 + Level 11.3 Transmutations
 - Level 1.0 Poison Magic
 + Level 1.2 Invocations


You had 4 spell levels left.
You knew the following spells:

 Your Spells              Type           Power        Failure   Level
a - Wereblood             Tmut           #####...     9%          2
b - Blade Hands           Tmut           #####.....   30%         5
c - Spider Form           Tmut/Pois      ####......   28%         3

Your spell library contained the following spells:

 Spells                   Type           Power        Failure   Level
 Beastly Appendage        Tmut           #####.       8%          1
 Foxfire                  Conj/Fire      #...         56%         1
 Freeze                   Ice            #...         56%         1
 Ice Form                 Ice/Tmut       ###.....     56%         4
 Conjure Flame            Conj/Fire      #.......     83%         3
 Frozen Ramparts          Ice            #.....       83%         3
 Inner Flame              Hex/Fire       #.......     83%         3
 Ozocubu's Armour         Ice            #.......     83%         3
 Hailstorm                Conj/Ice       #.......     98%         4
 Sticky Flame             Conj/Fire      #.......     98%         4
 Summon Ice Beast         Ice/Summ       #.......     98%         4
 Fireball                 Conj/Fire      #.........   100%        5


Dungeon Overview and Level Annotations

Branches:
Dungeon (8/15)             Temple (1/1) D:4           Sewer (visited)
Ossuary (visited)
   Lair: D:8-11

Altars:
Ashenzari
Cheibriados
Dithmenos
Elyvilon
Fedhas
Gozag
Hepliaklqana
Kikubaaqudgha
Makhleb
Nemelex Xobeh
Okawaru
Qazlal
Ru
Sif Muna
Trog
Uskayaw
Vehumet
Wu Jian
Xom
Yredelemnul
Zin
The Shining One

Annotations:
D:6 2 transporters


Innate Abilities, Weirdness & Mutations

You cannot wear boots.
Your serpentine skin is tough. (AC +3)
You have supernaturally acute eyesight. (SInv)
Armour fits poorly on your strangely shaped body.
Your system is resistant to poisons. (rPois)
You cover ground very slowly.
You can spit poison.


Message History

The hound barks!
Casting: Wereblood (safe; 1% risk of failure)
Confirm with . or Enter, or press ? or * to list all spells.
Your hands turn into razor-sharp scythe blades.
You slash the red ugly thing!
The red ugly thing is moderately wounded.
The red ugly thing stings you but does no damage.
You slice the red ugly thing!!
The red ugly thing is heavily wounded.
The hound pauses to sniff the ground.
The red ugly thing stings you!
You are engulfed in flames!!
You slice the red ugly thing!!
The red ugly thing is almost dead.
The red ugly thing stings you!
You are engulfed in flames!!
* * * LOW HITPOINT WARNING * * *
You hit the red ugly thing but do no damage.
Your slash misses the red ugly thing.
The red ugly thing is almost dead.
The red ugly thing stings you.
You die...

#...........##
#............# #..
#............####
#...#...............#
#...##..............#
[....#..........._..#
......#.............#
......#......##.....#
.......#u@.#######.##
......oh#### ...
..!.#...# ### .
...#... .... ##...
... ##... # .. .... #
. #.... .....


You could see a red ugly thing, a hound and an orc.

Vanquished Creatures
  Menkaure (D:4)
  2 black bears (D:6)
  A hornet zombie (Ossuary)
  A phantom (D:5)
  A sky beast (D:7)
  4 ogres
  2 centaurs (D:5)
  2 big kobolds (Sewer)
  Blork the orc (D:5)
  A bullfrog (D:8)
  A scorpion (D:4)
  2 howler monkeys
  3 centaur zombies (Ossuary)
  A jelly (D:7)
  2 bullfrog zombies (Ossuary)
  2 hounds
  An orc priest (D:3)
  A gnoll shaman (D:5)
  An iguana (D:4)
  3 iron imps (D:5)
  4 orc wizards
  2 worker ants (D:4)
  A killer bee zombie (Ossuary)
  2 hound zombies
  A hound skeleton (D:6)
  12 mummies (Ossuary)
  A howler monkey zombie (Ossuary)
  Robin (D:3)
  5 worker ant zombies (Ossuary)
  15 adders
  8 gnolls
  A river rat (Sewer)
  A shadow imp (D:2)
  A white imp (D:5)
  2 ufetubi (D:8)
  4 oozes
  4 adder zombies (Ossuary)
  6 worms
  3 dart slugs
  4 leopard geckos
  10 orcs
  5 ball pythons
  14 bats
  4 giant cockroaches
  25 goblins
  6 hobgoblins
  11 jackals
  10 kobolds
  2 frilled lizards
  A quokka zombie (D:7)
  9 rats
208 creatures vanquished.

Vanquished Creatures (others)
  6 withered plants (Ossuary)
6 creatures vanquished.

Grand Total: 214 creatures vanquished

Notes
Turn   | Place    | Note
-------+----------+-------------------------------------------
     0 | D:1      | FrothyCoffee the Naga Transmuter began the quest for the
                  | Orb.
     0 | D:1      | Reached XP level 1. HP: 18/18 MP: 3/3
   136 | D:1      | Reached XP level 2. HP: 15/25 MP: 5/5
   522 | D:1      | Reached skill level 3 in Transmutations
   893 | D:1      | Reached XP level 3. HP: 18/31 MP: 4/6
  1476 | D:1      | Learned a level 2 spell: Wereblood
  1480 | D:1      | Learned a level 3 spell: Spider Form
  1748 | D:2      | Reached skill level 1 in Poison Magic
  1842 | D:2      | Reached skill level 4 in Transmutations
  1877 | D:2      | Reached XP level 4. HP: 28/38 MP: 5/7
  1974 | D:2      | Found a hide-covered altar of Uskayaw.
  1976 | D:2      | Found an ornate altar of the Wu Jian Council.
  1980 | D:2      | Found a blossoming altar of Fedhas.
  2927 | D:3      | Reached skill level 5 in Transmutations
  2927 | D:3      | Reached XP level 5. HP: 18/44 MP: 4/8
  3149 | D:3      | Found a glowing drain.
  3171 | Sewer    | Entered a sewer
  3594 | Sewer    | Noticed a big kobold
  3604 | Sewer    | Killed a big kobold
  3604 | Sewer    | Reached skill level 6 in Transmutations
  3604 | Sewer    | Reached XP level 6. HP: 46/51 MP: 0/9
  3959 | Sewer    | Reached skill level 7 in Transmutations
  4723 | D:3      | Identified the +2 helmet "Bili" {rF- Dex+7}
  4723 | D:3      | Noticed Robin
  4726 | D:3      | Reached XP level 7. HP: 57/57 MP: 5/10
  4731 | D:3      | Killed Robin
  5155 | D:3      | Found an ancient bone altar of Kikubaaqudgha.
  5348 | D:3      | Found a glowing silver altar of Zin.
  5689 | D:4      | Found a staircase to the Ecumenical Temple.
  5703 | D:4      | Reached skill level 8 in Transmutations
  5714 | Temple   | Entered the Ecumenical Temple
  5849 | Temple   | Became a worshipper of the Shining One
  6266 | D:4      | Reached skill level 9 in Transmutations
  6266 | D:4      | Reached XP level 8. HP: 45/64 MP: 6/11
  6671 | D:4      | Noticed Menkaure
  6765 | D:3      | Learned a level 5 spell: Blade Hands
  6851 | D:4      | Killed Menkaure
  7681 | D:5      | Entered Level 5 of the Dungeon
  7681 | D:5      | Found a burning altar of Makhleb.
  8236 | D:5      | Found a snail-covered altar of Cheibriados.
  8331 | D:5      | Reached skill level 10 in Transmutations
  9553 | D:5      | Noticed Blork the orc
  9563 | D:5      | Killed Blork the orc
  9692 | D:5      | Found a burning altar of Makhleb.
 10024 | D:6      | Found a shadowy altar of Dithmenos.
 10047 | D:6      | Found a sparkling altar of Nemelex Xobeh.
 10102 | D:6      | Reached skill level 11 in Transmutations
 10102 | D:6      | Reached XP level 9. HP: 64/70 MP: 4/12
 10221 | D:6      | Found a transporter.
 10223 | D:6      | Noticed a kobold demonologist
 10223 | D:6      | Reached * piety under the Shining One
 10224 | D:6      | Noticed a deep elf knight
 10229 | D:6      | Noticed a kobold demonologist
 10236 | D:6      | Found a transporter.
 11077 | D:7      | Found a sand-covered staircase.
 11103 | Ossuary  | Entered an ossuary
 11169 | Ossuary  | Reached ** piety under the Shining One
 11513 | Ossuary  | Reached *** piety under the Shining One
 12012 | Ossuary  | Reached skill level 5 in Unarmed Combat
 13182 | D:8      | Reached skill level 1 in Invocations
 13259 | D:8      | Noticed a red ugly thing
 13365 | D:8      | Found a snail-covered altar of Cheibriados.
 13386 | D:8      | HP: 2/75 [red ugly thing (23)]
 13387 | D:8      | Slain by a red ugly thing

Illustrated notes

Levels and vault maps discovered:
D:1:      minmay_arrival_plants_in_alcoves, layout_basic, st_stairs_9
D:2:      layout_loops_ring, minitemple
D:3:      kennysheep_goblin_castle, layout_basic, lemuel_coloured_pillars_altar,
          lemuel_doored_altar, portal_sewer_entry_f
D:4:      layout_basic, minmay_temple_entry_statues_pillars,
          minmay_misc_feat_more_columns, uniq_menkaure
D:5:      layout_basic, old_standard_altar, demons_altar, basic_altar,
          uniq_blork_the_orc
D:6:      gammafunk_wand_slinger, layout_basic,
          nemelex_xobeh_ov_fountains_minmay, grunt_dithmenos_smoke
D:7:      layout_loops_ring, nicolae_ossuary_entry_ruins
D:8:      layout_cave_pods, basic_altar, minmay_manual_mandibuliform
Temple:   eino_temple_water

Skill      XL: |  1  2  3  4  5  6  7  8  9 |
---------------+----------------------------+-----
Transmutations | 3 4 5 6 7 9 11 | 11.3
Poison Magic   | 1 |  1.0
Fighting       | 3 |  3.1
Unarmed Combat | 5 |  5.3
Spellcasting   | 3 |  3.4
Invocations    | 1 |  1.2
Dodging        | |  1.5

Action                   |  1- 3 |  4- 6 |  7- 9 || total
-------------------------+-------+-------+-------++-------
Melee: Unarmed           |   117 |   218 |   384 ||   719
       Punch             |     2 |     2 |     4 ||     8
       Headbutt          |     6 |     6 |     1 ||    13
 Cast: Beastly Appendage |    11 |    17 |     1 ||    29
       Wereblood         |     1 |    23 |    48 ||    72
       Spider Form       |       |    11 |    22 ||    33
       Blade Hands       |       |       |    25 ||    25
Invok: Divine Shield     |       |       |     1 ||     1
 Abil: Spit Poison       |    13 |     8 |     3 ||    24
       Evoke Flight      |       |     2 |     5 ||     7
       Stop Flying       |       |       |     2 ||     2
  Use: Scroll            |       |     8 |    19 ||    27
       Potion            |       |       |     3 ||     3
 Stab: Sleeping          |       |       |     1 ||     1
Armor: Robe              |    30 |    48 |    75 ||   153
       Skin              |       |     5 |    19 ||    24
Dodge: Dodged            |    80 |   134 |   288 ||   502

Table legend: (Time is in decaauts)
 A = Elapsed time spent in this place.
 B = Non-inter-level travel time spent in this place.
 C = Inter-level travel time spent in this place.
 D = Time resting spent in this place.
 E = Time spent auto-exploring this place.
 F = Levels seen in this place.
 G = Mean time per level.
                   A        B        C        D        E       F      G
               +--------+--------+--------+--------+--------+-----+--------+
         Total |  15765 |  15247 |    518 |   4170 |   7694 |  11 | 1433.2 |
       Dungeon |  13049 |  12544 |    505 |   3007 |   7238 |   8 | 1631.1 |
        Temple |    226 |    214 |     12 |      0 |    192 |   1 |  226.0 |
         Sewer |   1193 |   1193 |      0 |    530 |    215 |   1 | 1193.0 |
       Ossuary |   1296 |   1296 |      0 |    633 |     47 |   1 | 1296.0 |
               +--------+--------+--------+--------+--------+-----+--------+

Top non-repeatable levels by time:
     D:4: 3005 daAuts
     D:3: 2239 daAuts
     D:5: 1975 daAuts
     D:1: 1686 daAuts
     D:6: 1333 daAuts
     D:2: 1317 daAuts
 Ossuary: 1296 daAuts
   Sewer: 1193 daAuts
     D:7: 1121 daAuts
     D:8: 370 daAuts
  Temple: 226 daAuts
